 Dungeon Crawl Stone Soup version 0.25-a0-886-gd7461d2276 (webtiles) character file.

Game seed: 16968377696986497273, levelgen mode: deterministic

49 1994 the Skirmisher (level 3, 0/40 HPs)
             Began as an Ogre Berserker on May 2, 2020.
             Was a Believer of Trog.
             Succumbed to an adder's poison
             ... on level 2 of the Dungeon.
             The game lasted 00:03:08 (1196 turns).

1994 the Skirmisher (Ogre Berserker)                Turns: 1196, Time: 00:03:08

Health: 0/40       AC:  3    Str: 22    XL:     3   Next: 75%
Magic:  3/3        EV: 10    Int:  8    God:    Trog [**....]
Gold:   47         SH:  0    Dex:  8    Spells: 2/2 levels left

rFire    . . .     SeeInvis .   a - +0 mace
rCold    . . .     Gourm    .   (no shield)
rNeg     . . .     Faith    .   b - +0 animal skin
rPois    .         Spirit   .   (helmet restricted)
rElec    .         Reflect  .   (no cloak)
rCorr    .         Harm     .   (gloves unavailable)
MR       .....                  (boots unavailable)
Stlth    +.........             (no amulet)
HPRegen  0.13/turn              (no ring)
MPRegen  0.08/turn              (no ring)

@: lethally poisoned (0 -> -14)
A: large, unfitting armour, tough skin 1
a: Berserk, Trog's Hand, Renounce Religion


You were on level 2 of the Dungeon.
You worshipped Trog.
Trog was pleased with you.
You were not hungry.

You visited 1 branch of the dungeon, and saw 2 of its levels.

You collected 47 gold pieces.

Inventory:

Hand Weapons
 a - a +0 mace (weapon)
 l - a +0 hunting sling
Missiles
 g - 45 stones (quivered)
Armour
 b - a +0 animal skin (worn)
Scrolls
 i - a scroll of fear {unknown}
 j - a scroll of amnesia {unknown}
 k - a scroll of identify {unknown}
Potions
 d - a potion of lignification {unknown}
 e - a potion of berserk rage {unknown}
 h - 2 potions of invisibility {unknown}
Comestibles
 c - a ration
 f - 4 chunks of flesh


   Skills:
 + Level 4.7 Fighting
 * Level 3.7 Maces & Flails
 - Level 2.6 Dodging


You had 2 spell levels left.
You didn't know any spells.
Your spell library was empty.

Dungeon Overview and Level Annotations

Branches:
Dungeon (2/15)

Altars:


Innate Abilities, Weirdness & Mutations

You are too large for most types of armour.
You have tough skin. (AC +1)


Message History

You hit the adder.
The adder is heavily wounded.
You feel sick. The adder bites you.
* * * LOW HITPOINT WARNING * * *
You are lethally poisoned!
The adder poisons you!
You closely miss the adder.
The adder is heavily wounded.
* * * LOW HITPOINT WARNING * * *
You feel sick. The adder bites you.
* * * LOW HITPOINT WARNING * * *
You are more poisoned.
The adder poisons you! The adder bites you.
* * * LOW HITPOINT WARNING * * *
You sock the adder!
You kill the adder!
Trog accepts your kill.
* * * LOW HITPOINT WARNING * * *
You feel sick.
You die...

..... ..#
.....##.#
........###
#....#....#
.........#####.
...............
#.....####..
##<......#..
#††@........
#######..........
#................
#..#######.##.####
##### #†...# .
#...# #..### ...
#...# ###..#
.....#...###.÷..#
.?.....s..ss....#


There were no monsters in sight!

Vanquished Creatures
  An adder (D:2)
  A dart slug (D:1)
  A leopard gecko (D:1)
  3 ball pythons (D:1)
  2 bats (D:1)
  6 giant cockroaches
  3 goblins
  3 hobgoblins (D:1)
  3 jackals (D:1)
  7 frilled lizards
  3 kobolds (D:1)
  A rat (D:1)
34 creatures vanquished.

Notes
Turn   | Place    | Note
-------+----------+-------------------------------------------
     0 | D:1      | 1994 the Ogre Berserker began the quest for the Orb.
     0 | D:1      | Reached XP level 1. HP: 24/24 MP: 1/1
   178 | D:1      | Reached XP level 2. HP: 31/32 MP: 2/2
   293 | D:1      | You fall into a shaft and drop 1 floor!
   698 | D:1      | Reached XP level 3. HP: 31/40 MP: 3/3
   887 | D:1      | Reached ** piety under Trog
  1194 | D:2      | HP: 2/40 [adder (3)]
  1196 | D:2      | Succumbed to an adder's poison

Levels and vault maps discovered:
D:1:      mushboom_english_gardens, layout_rooms, chequers_hall_statues_y,
          hex_intersection
D:2:      minmay_roachtagon, layout_rooms

Skill      XL: |  1 |
---------------+----+-----
Maces & Flails | 3 |  3.7
Fighting       | |  4.7
Dodging        | |  2.6

Action                   || total
-------------------------++-------
Melee: Mace              ||   107
Throw: Stone             ||     2
  Eat: Chunk             ||     1
Armor: Animal skin       ||    46
Dodge: Dodged            ||    72

Table legend:
 A = Non-vault XP
 B = Vault XP
 C = Vault XP percentage of total XP
 D = Non-vault monster count
 E = Vault monster count
 F = Vault count percentage of total count
                 A         B        C        D         E       F
            +---------+---------+-------+---------+---------+-------
      Total |      58 |      12 |  17.1 |      28 |       6 |  17.6
            +---------+---------+-------+---------+---------+-------
        D:1 |      40 |       2 |   4.8 |      24 |       1 |   4.0
        D:2 |      18 |      10 |  35.7 |       4 |       5 |  55.6
            +---------+---------+-------+---------+---------+-------
